 Dungeon Crawl Stone Soup version 0.27.0-1-g7a089689b8 (webtiles) character file.

Game seed: 16738145948973690537

8073 Leibowitz the Cleaver (level 11, -7/97 HPs)
             Began as a Minotaur Berserker on Aug 8, 2021.
             Was a High Priest of Trog.
             Mangled by a manticore (14 damage)
             ... on level 10 of the Dungeon.
             The game lasted 00:19:00 (10194 turns).

Leibowitz the Cleaver (Minotaur Berserker)         Turns: 10194, Time: 00:19:01

Health: -7/97      AC: 12    Str: 25    XL:     11   Next: 5%
Magic:  10/10      EV: 10    Int:  4    God:    Trog [*****.]
Gold:   644        SH:  0    Dex: 10    Spells: 10/10 levels left

rFire    . . .     SeeInvis .   a - +6 battleaxe
rCold    . . .     Faith    +   (shield currently unavailable)
rNeg     . . .     Spirit   .   c - +0 chain mail
rPois    .         Reflect  .   (helmet restricted)
rElec    .         Harm     .   (no cloak)
rCorr    .         Rampage  .   (no gloves)
Will     +++..                  (no boots)
Stlth    ..........             h - amulet of faith
HPRegen  1.26/turn              j - ring of flight
MPRegen  0.12/turn              K - ring of willpower

@: strong-willed, on berserk cooldown, flying, regenerating, slowed, very slow
A: horns 2, retaliatory headbutt
a: Renounce Religion, Berserk, Trog's Hand, Brothers in Arms


You were on level 10 of the Dungeon.
You worshipped Trog.
Trog was extremely pleased with you.
You visited 2 branches of the dungeon, and saw 11 of its levels.
You also visited: Ossuary.

You collected 644 gold pieces.

Inventory:

Hand Weapons
 a - a +6 battleaxe (weapon)
 z - a +2 short sword of flaming
 C - a +4 flail of freezing
 L - a +1 war axe
Missiles
 g - 5 atropa-tipped darts (quivered)
 I - 5 throwing nets
Armour
 c - a +0 chain mail (worn)
 v - a +0 ring mail of poison resistance
Jewellery
 h - an amulet of faith (around neck)
 j - a ring of flight (left hand)
 K - a ring of willpower (right hand)
Wands
 s - a wand of iceblast (18)
 B - a wand of flame (11)
Scrolls
 e - 15 scrolls of identify {unknown}
 f - 3 scrolls of teleportation
 k - a scroll of magic mapping {unknown}
 m - 3 scrolls of vulnerability {unknown}
 n - 3 scrolls of noise {unknown}
 p - a scroll of enchant armour {unknown}
 r - a scroll of fog {unknown}
 t - 2 scrolls of immolation {unknown}
 u - a scroll of brand weapon {unknown}
 y - 2 scrolls of blinking {unknown}
 D - 3 scrolls of amnesia {unknown}
 H - 2 scrolls of silence {unknown}
Potions
 b - 6 potions of curing
 d - 4 potions of lignification {unknown}
 i - 2 potions of brilliance {unknown}
 l - 2 potions of might {unknown}
 o - 2 potions of heal wounds {unknown}
 q - 2 potions of berserk rage {unknown}
 w - 3 potions of degeneration {unknown}
 x - a potion of cancellation {unknown}
 A - 2 potions of haste {unknown}
 E - a potion of flight {unknown}
 F - a potion of invisibility {unknown}
 G - 2 potions of attraction {unknown}
 J - a potion of ambrosia {unknown}


   Skills:
 * Level 9.3 Fighting
 * Level 13.3 Axes
 * Level 11.0 Armour
 * Level 6.8 Dodging


You had 10 spell levels left.
You didn't know any spells.
Your spell library was empty.

Dungeon Overview and Level Annotations

Branches:
Dungeon (10/15)            Temple (1/1) D:7            Lair (0/6) D:8
Ossuary (visited)
    Orc: D:9-12

Altars:
Ashenzari
Cheibriados
Dithmenos
Elyvilon
Fedhas
Gozag
Hepliaklqana
Kikubaaqudgha
Makhleb
Nemelex Xobeh
Qazlal
Uskayaw
Vehumet
Wu Jian
Xom
Yredelemnul
Zin
The Shining One

Shops:
D:1 [   D:2 ?

Annotations:
D:10 Grum


Innate Abilities, Weirdness & Mutations

You have a pair of horns on your head.
You reflexively headbutt those who attack you in melee.


Message History

Grum hits you from afar with a +0 spear of flaming.
Grum burns you. The yak gores you!
* * * LOW HITPOINT WARNING * * *
You feel a strong urge to attack something.
You slice the yak!!
You kill the yak!
Trog accepts your kill.
You are no longer berserk.
You are exhausted.
You feel yourself slow down.
You slice the yak!! You headbutt the yak, but do no damage.
The yak is heavily wounded.
Grum stares intently and growls.
The yak barely misses you. You furiously retaliate!
You headbutt the yak!
As you read the scroll of teleportation, it crumbles to dust.
You feel strangely unstable. The yak gores you.
* * * LOW HITPOINT WARNING * * *
The yak gores you.
* * * LOW HITPOINT WARNING * * *
Your surroundings suddenly seem different.
The manticore bites you!
* * * LOW HITPOINT WARNING * * *
The manticore claws you!
* * * LOW HITPOINT WARNING * * *
The manticore closely misses you.
The manticore bites you but does no damage.
The manticore barely misses you. x2
Found a forked bone wand.
A manticore comes into view.
It was a potion of curing.
You feel better. The manticore bites you.
* * * LOW HITPOINT WARNING * * *
The manticore claws you.
* * * LOW HITPOINT WARNING * * *
The manticore completely misses you.
Your ogre goes berserk!
The manticore barely misses you. You furiously retaliate!
You headbutt the manticore!
The manticore claws you but does no damage.
The manticore closely misses you. The manticore bites you!
You die...

#..######+##
..........#
###.........##
.../.........
#.........#
#.........#
#.........#
#..H@.....#
#.O.......#
#.........#
########.## #


You could see a manticore (ally target) and a friendly ogre (summoned, berserk).

Vanquished Creatures
  Harold (D:7)
  The ghost of fly the Sneak, a novice FoDe (D:6)
  A hornet (D:9)
  2 wyverns
  9 yaks
  2 steam dragons
  2 wargs (D:8)
  A water moccasin (D:9)
  2 orc warriors (D:8)
  A black bear (D:7)
  2 ice beasts
  A sky beast (D:7)
  2 ogres
  A necrophage (D:7)
  A wolf (D:10)
  2 centaurs (D:9)
  2 kobold brigands
  2 bullfrogs
  5 scorpions
  3 wyvern skeletons
  5 wights (D:6)
  3 killer bees (D:8)
  4 howler monkeys
  3 centaur zombies
  A jelly (D:6)
  7 orc priests
  A bullfrog skeleton (D:4)
  A hound (D:7)
  3 centaur skeletons
  Jessica (D:2)
  2 iguanas
  8 orc wizards
  8 mummies (Ossuary)
  3 gnolls (D:2)
  8 adders
  A worm (D:2)
  2 dart slugs
  30 orcs
  3 bats
  3 endoplasms
  12 goblins
  7 hobgoblins
  12 jackals
  2 quokkas
  5 ball pythons
  2 frilled lizards
  3 gnoll zombies (Ossuary)
  A hobgoblin zombie (Ossuary)
  17 kobolds
  3 kobold zombies (Ossuary)
  An orc zombie (Ossuary)
  3 rats
208 creatures vanquished.

Vanquished Creatures (collateral kills)
  5 skeletal warriors (D:8)
5 creatures vanquished.

Grand Total: 213 creatures vanquished

Notes
Turn   | Place    | Note
-------+----------+-------------------------------------------
     0 | D:1      | Leibowitz the Minotaur Berserker began the quest for the
                  | Orb.
     0 | D:1      | Reached XP level 1. HP: 19/19 MP: 0/0
   112 | D:1      | Found Woynyann's Antique Armour Shoppe.
   149 | D:1      | Found a faded altar of an unknown god.
   182 | D:1      | Reached XP level 2. HP: 27/27 MP: 1/1
   223 | D:1      | Reached skill level 4 in Axes
   551 | D:2      | Reached XP level 3. HP: 16/33 MP: 2/2
   854 | D:2      | Found Seohearo's Magic Scroll Emporium.
   934 | D:2      | Reached XP level 4. HP: 37/41 MP: 3/3
  1078 | D:2      | Reached ** piety under Trog
  1097 | D:2      | Noticed Jessica
  1100 | D:2      | Killed Jessica
  1182 | D:2      | Reached skill level 5 in Axes
  2155 | D:4      | Reached XP level 5. HP: 47/47 MP: 4/4
  2392 | D:4      | Found a stormy altar of Qazlal.
  2552 | D:4      | Reached *** piety under Trog
  2780 | D:4      | Reached XP level 6. HP: 55/55 MP: 5/5
  2785 | D:4      | Reached skill level 6 in Axes
  3060 | D:4      | Reached skill level 5 in Fighting
  3111 | D:4      | Reached skill level 5 in Armour
  3219 | D:5      | Entered Level 5 of the Dungeon
  3368 | D:5      | Reached skill level 7 in Axes
  3368 | D:5      | Reached XP level 7. HP: 58/61 MP: 6/6
  3600 | D:5      | Found an opulent altar of Gozag.
  4255 | D:6      | Reached **** piety under Trog
  4378 | D:6      | Reached skill level 8 in Axes
  4481 | D:6      | Reached XP level 8. HP: 59/70 MP: 7/7
  4944 | D:6      | Found a shadowy altar of Dithmenos.
  5266 | D:6      | Reached skill level 9 in Axes
  5437 | D:6      | Found a large runed translucent door.
  5438 | D:6      | Found a large runed translucent door.
  5440 | D:6      | Noticed fly's ghost (novice FoDe)
  5455 | D:6      | Killed fly's ghost
  5694 | D:7      | Reached ***** piety under Trog
  5696 | D:7      | Reached XP level 9. HP: 78/78 MP: 8/8
  5756 | D:7      | Reached skill level 10 in Axes
  5760 | D:7      | Found a staircase to the Ecumenical Temple.
  5781 | D:7      | Found a sand-covered staircase.
  5788 | Ossuary  | Entered an ossuary
  6740 | D:7      | Noticed Harold
  6750 | D:7      | Killed Harold
  6751 | D:7      | Reached skill level 11 in Axes
  6751 | D:7      | Reached skill level 5 in Dodging
  6870 | D:7      | Found a sparkling altar of Nemelex Xobeh.
  7261 | Temple   | Entered the Ecumenical Temple
  7659 | D:8      | Reached XP level 10. HP: 86/88 MP: 9/9
  7669 | D:8      | Received a gift from Trog
  7971 | D:8      | Found a staircase to the Lair.
  8198 | D:8      | HP: 4/89 [orc priest (1)]
  8617 | D:8      | Reached skill level 12 in Axes
  8638 | D:8      | Noticed a skeletal warrior
  8638 | D:8      | Noticed a skeletal warrior
  8638 | D:8      | Noticed a skeletal warrior
  8638 | D:8      | Noticed a skeletal warrior
  8638 | D:8      | Noticed a skeletal warrior
  8643 | D:8      | Killed a skeletal warrior
  8654 | D:8      | Killed a skeletal warrior
  8658 | D:8      | Killed a skeletal warrior
  8659 | D:8      | Reached skill level 10 in Armour
  8660 | D:8      | Killed a skeletal warrior
  8662 | D:8      | Killed a skeletal warrior
  9269 | D:9      | Found a glowing golden altar of the Shining One.
  9706 | D:9      | Reached skill level 13 in Axes
 10023 | D:9      | Found a glowing silver altar of Zin.
 10023 | D:9      | Found a basalt altar of Yredelemnul.
 10161 | D:10     | Entered Level 10 of the Dungeon
 10161 | D:10     | Noticed Grum
 10177 | D:10     | Reached XP level 11. HP: 60/97 MP: 10/10
 10194 | D:10     | Mangled by a manticore

Illustrated notes

Levels and vault maps discovered:
D:1:      zaba_arrival_water, layout_rooms, serial_shops,
          nicolae_shop_waterfront, hellmonk_ecumenical_altar_lost_god,
          minmay_pentomino_x2
D:2:      layout_basic, basic_altar, serial_shops, nicolae_shop_statue_plus,
          uniq_jessica
D:3:      layout_loops_ring, kennysheep_generic_room_15
D:4:      layout_basic, nicolae_qazlal_general_emergency, minivault_11
D:5:      layout_basic, grunt_gozag_statues, lemuel_another_geyser
D:6:      layout_loops_ring, nicolae_dithmenos_shadow_blocks,
          ebering_ghost_disaster_area, minmay_fountain_box
D:7:      layout_cave_pods, lemuel_tele_altar, minmay_temple_entry_slanted,
          chequers_ossuary_entry_cave, uniq_harold
D:8:      layout_loops_corners, erik_lair_orcish_takeover
D:9:      layout_basic, gammafunk_temple_overflow_wave,
          mainiacjoe_overflow_surrounded_room
D:10:     layout_basic, grunt_temple_overflow_bloody_war,
          mainiacjoe_overflow_big_doors, uniq_joseph, uniq_grum
Temple:   minmay_freezing_vapour_temple

Skill      XL: |  1  2  3  4  5  6  7  8  9 10 |
---------------+-------------------------------+-----
Fighting       | 4 5 6 8 9 |  9.3
Axes           | 4 5 7 8 9 11 13 | 13.3
Armour         | 3 4 5 6 8 9 11 | 11.0
Dodging        | 3 4 5 6 |  6.8

Action                   |  1- 3 |  4- 6 |  7- 9 | 10-12 || total
-------------------------+-------+-------+-------+-------++-------
Melee: Hand axe          |    59 |    80 |       |       ||   139
       Headbutt          |     6 |    18 |    50 |    18 ||    92
       War axe           |       |    39 |   257 |    12 ||   308
       Battleaxe         |       |       |       |    81 ||    81
Throw: Dart              |       |       |     2 |       ||     2
Invok: Berserk           |       |       |     5 |     2 ||     7
       Brothers in Arms  |       |       |       |     3 ||     3
       Trog's Hand       |       |       |       |     1 ||     1
  Use: Scroll            |       |       |     1 |     1 ||     2
       Potion            |       |       |       |     1 ||     1
Armor: Chain mail        |    34 |    51 |   137 |    37 ||   259
Dodge: Dodged            |    24 |    58 |   111 |    63 ||   256
